 Dungeon Crawl Stone Soup version 0.22.1-2-g9c5b331 (webtiles) character file.

53 redwoodhats the Digger (level 4, -1/30 HPs)
             Began as a Formicid Earth Elementalist on Nov 27, 2018.
             Slain by a gnoll
             ... wielding a +0 spear
              (7 damage)
             ... on level 2 of the Dungeon.
             The game lasted 00:06:00 (959 turns).

redwoodhats the Digger (Formicid Earth Elementalist) Turns: 959, Time: 00:06:00

Health: -1/30      AC:  2    Str: 13    XL:     4   Next: 10%
Magic:  3/8        EV: 12    Int: 15    God:
Gold:   74         SH:  0    Dex: 11    Spells: 8/9 levels left

rFire    . . .     SeeInvis +   (no weapon)
rCold    . . .     Gourm    .   (no shield)
rNeg     . . .     Faith    .   c - +0 robe
rPois    .         Spirit   .   (helmet unavailable)
rElec    .         Reflect  .   (no cloak)
rCorr    .         Harm     .   (no gloves)
MR       .....                  (no boots)
Stlth    ++........             (no amulet)
HPRegen  0.10/turn              (no ring)
MPRegen  0.11/turn              (no ring)

@: no status effects
A: permanent stasis, dig shafts and tunnels, four strong arms, antennae 3
a: Dig, Shaft Self


You were on level 2 of the Dungeon.
You were not hungry.

You visited 1 branch of the dungeon, and saw 2 of its levels.

You collected 74 gold pieces.

Inventory:

Hand Weapons
 j - a cursed +0 hunting sling
Missiles
 b - 69 stones (quivered)
Armour
 a - a +0 robe
 c - a +0 robe (worn)
Scrolls
 e - 3 scrolls of remove curse {unknown}
 f - a scroll of amnesia {unknown}
 i - 2 scrolls of identify {unknown}
Potions
 g - 2 potions of curing {unknown}
 h - a potion of magic {unknown}
Comestibles
 d - 3 rations


   Skills:
 + Level 0.2 Fighting
 + Level 2.1 Dodging
 + Level 2.5 Stealth
 + Level 0.2 Unarmed Combat
 + Level 3.2 Spellcasting
   Level 1.1 Transmutations
 + Level 4.4 Earth Magic


You had 8 spell levels left.
You knew the following spells:

 Your Spells              Type           Power        Failure   Level  Hunger
a - Sandblast             Erth           ###...       3%          1    #......

Your spell library contained the following spells:

 Spells                   Type           Power        Failure   Level  Hunger
 Passwall                 Tmut/Erth      ##......     10%         2    ##.....
 Stone Arrow              Conj/Erth      #.....       24%         3    ###....
 Petrify                  Tmut/Erth      ##......     54%         4    #####..
 Lee's Rapid Deconstruct  Erth           ###.......   65%         5    ######.


Dungeon Overview and Level Annotations

Branches:
Dungeon (2/15)

Altars:


Innate Abilities, Weirdness & Mutations

You cannot be hasted, slowed, berserked, paralysed or teleported.
You can dig through walls and to a lower floor.
Your four strong arms can wield two-handed weapons with a shield.
You have a pair of large antennae on your head. (SInv)


Message History

Your Spellcasting skill increases to level 3!
You have reached level 4!
You feel stronger.
b - 70 stones The gnoll barely misses you.
Casting: Sandblast (safe; 3% risk of failure)
Confirm with . or Enter, or press ? or * to list all spells.
You don't know that spell.
Casting: Sandblast (safe; 3% risk of failure)
Confirm with . or Enter, or press ? or * to list all spells.
Aiming: Sandblast (safe; 3% risk of failure)
Press: ? - help, Shift-Dir - straight line, f - gnoll
Aim: a gnoll The blast of sand hits the gnoll.
The gnoll is severely wounded.
b - 69 stones The gnoll hits you from afar with a spear!
* * * LOW HITPOINT WARNING * * *
The gnoll hits you from afar with a spear!
You die...

## .## ..# #.## #..# ##.#
###### ##.# #....#
##.###########.##.###.###
................@.g......
##.##########...#.#)#.#.#
##.## #.......#.g...
##..# #.###.###.....#
###.# #...... #.....#
###.#####..##.# #.....#
..........†...# #.#+#...
####.###.#.#..# ..# ###
#.###.#.##.#


You could see 2 gnolls.

Vanquished Creatures
  A gnoll (D:2)
  An ooze (D:1)
  A worm (D:2)
  2 dart slugs (D:1)
  4 bats
  A giant cockroach (D:2)
  7 goblins
  3 hobgoblins
  3 jackals (D:2)
  2 kobolds
  A frilled lizard (D:2)
  3 rats
29 creatures vanquished.

Notes
Turn   | Place    | Note
-------+----------+-------------------------------------------
     0 | D:1      | redwoodhats the Formicid Earth Elementalist began the quest
                  | for the Orb.
     0 | D:1      | Reached XP level 1. HP: 13/13 MP: 3/3
   176 | D:1      | Reached skill level 4 in Earth Magic
   176 | D:1      | Reached XP level 2. HP: 13/19 MP: 3/5
   472 | D:1      | Reached XP level 3. HP: 21/24 MP: 3/6
   614 | D:1      | You fall through a shaft!
   957 | D:2      | Reached XP level 4. HP: 13/30 MP: 4/8
   959 | D:2      | Slain by a gnoll

Skill      XL: |  1  2  3 |
---------------+----------+-----
Earth Magic    | 4 |  4.4
Dodging        | 2 |  2.1
Spellcasting   | 3 |  3.2
Fighting       | |  0.2
Stealth        | |  2.5
Unarmed Combat | |  0.2
Transmutations | |  1.1

Action                   |  1- 3 |  4- 6 || total
-------------------------+-------+-------++-------
Melee: Unarmed           |    26 |       ||    26
Throw: Stone             |     6 |       ||     6
 Cast: Sandblast         |    44 |     2 ||    46
 Abil: Dig               |     7 |       ||     7
       Shaft Self        |     1 |       ||     1
  Eat: Ration            |     1 |       ||     1
Armor: Robe              |    14 |       ||    14
Dodge: Dodged            |    37 |     1 ||    38
